 Dungeon Crawl Stone Soup version 0.21.1-1-g345015fe64 (webtiles) character file.

8443 LevaFresel the Quickloader (level 11, -3/66 (67) HPs)
             Began as a Kobold Hunter on June 8, 2018.
             Was a Priest of Nemelex Xobeh.
             Slain by a komodo dragon (20 damage)
             ... on level 1 of the Lair of Beasts.
             The game lasted 01:19:39 (14556 turns).

LevaFresel the Quickloader (Kobold Hunter)         Turns: 14556, Time: 01:19:40

HP:   -3/66 (67)    AC: 19    Str: 16    XL:     11   Next: 55%
MP:   14/14         EV: 13    Int: 12    God:    Nemelex Xobeh [***...]
Gold: 187           SH:  3    Dex: 16    Spells: 10/10 levels left

rFire    . . .     SeeInvis .   b - +5 short sword
rCold    . . .     Gourm    .   (shield restricted)
rNeg     . . .     Faith    .   F - +1 chain mail {rPois}
rPois    +         Spirit   .   w - +0 helmet
rElec    .         Reflect  +   (no cloak)
rCorr    .         Harm     .   (no gloves)
MR       .....                  y - +2 pair of boots {Stlth+}
Stlth    ..........             l - +3 amulet of reflection
HPRegen  0.21/turn              N - +3 ring of strength
MPRegen  0.14/turn              t - +4 ring of protection

@: very slightly contaminated
A: small, carnivore
a: Triple Draw, Renounce Religion


You were on level 1 of the Lair of Beasts.
You worshipped Nemelex Xobeh.
Nemelex Xobeh was most pleased with you.
You were full.

You visited 3 branches of the dungeon, and saw 14 of its levels.

You collected 609 gold pieces.
You spent 422 gold pieces at shops.

Inventory:

Hand Weapons
 a - a +2 arbalest of velocity
 b - a +5 short sword (weapon)
 v - a +0 long sword of electrocution
 L - a +3 scimitar of flaming
 V - a cursed +2 scimitar of freezing
Missiles
 d - 4 bolts
Armour
 w - a +0 helmet (worn)
 y - a +2 pair of boots of stealth (worn)
 F - a +1 chain mail of poison resistance (worn)
 T - a +2 buckler
Jewellery
 e - an uncursed ring of see invisible
 l - a +3 amulet of reflection (around neck)
 t - a +4 ring of protection (right hand)
 N - a +3 ring of strength (left hand)
Wands
 z - a wand of flame (16)
 C - a wand of disintegration (13)
 D - a wand of iceblast (8)
 J - a wand of paralysis (5)
 K - a wand of enslavement (10)
 Q - a wand of polymorph (21)
 Y - a wand of acid (14)
Scrolls
 h - 4 scrolls of magic mapping
 i - 4 scrolls of remove curse
 o - 2 scrolls of fog {unknown}
 q - 2 scrolls of enchant armour {unknown}
 r - a scroll of random uselessness {unknown}
 s - a scroll of enchant weapon {unknown}
 u - 7 scrolls of teleportation
 A - a scroll of amnesia {unknown}
 P - 2 scrolls of blinking {unknown}
 R - 2 scrolls of brand weapon {unknown}
 S - a scroll of vulnerability {unknown}
 U - a scroll of noise {unknown}
 W - 2 scrolls of identify
 X - a scroll of immolation {unknown}
Potions
 g - 5 potions of might
 j - 8 potions of curing
 k - 2 potions of heal wounds {unknown}
 m - 3 potions of haste
 p - 2 potions of invisibility
 x - a potion of degeneration {unknown}
 B - a potion of mutation {unknown}
 E - 2 potions of berserk rage {unknown}
 G - a potion of resistance {unknown}
 H - a potion of brilliance {unknown}
 M - 2 potions of agility {unknown}
Miscellaneous
 n - a plain deck of destruction {drawn: 2}
 Z - a plain deck of destruction
Comestibles
 c - 2 chunks of flesh
 f - 21 rations


   Skills:
 + Level 7.5 Fighting
 * Level 10.0(10.4) Short Blades
 + Level 3.0(5.0) Long Blades
 + Level 10.7 Crossbows
 + Level 5.3 Armour
 + Level 8.2 Dodging
 - Level 2.0 Stealth
 + Level 2.9 Invocations
 - Level 5.0 Evocations


You had 10 spell levels left.
You didn't know any spells.

Dungeon Overview and Level Annotations

Branches:
Dungeon (12/15)            Temple (1/1) D:6            Lair (1/6) D:10
    Orc (0/2) D:9

Altars:
Ashenzari
Cheibriados
Dithmenos
Elyvilon
Fedhas
Gozag
Hepliaklqana
Kikubaaqudgha
Makhleb
Nemelex Xobeh
Okawaru
Qazlal
Ru
Sif Muna
Trog
Uskayaw
Vehumet
Wu Jian
Xom
Yredelemnul
Zin
The Shining One

Shops:
D:5 ?   D:9 [

Annotations:
D:3 PikkenKukken's ghost, amateur GrFi


Innate Abilities, Weirdness & Mutations

You are small and have problems with some larger weapons.
You are carnivorous and can eat meat at any time.


Message History

Your quarterstaff of Valour {venom, +Fly MR+ Int+3} hits the bullfrog.
The bullfrog looks as sick as possible!
The komodo dragon hisses menacingly.
The bullfrog hits you.
* * * LOW HITPOINT WARNING * * *
The komodo dragon bites your quarterstaff of Valour {venom, +Fly MR+ Int+3}!
Your quarterstaff of Valour {venom, +Fly MR+ Int+3} is destroyed!
The bullfrog completely misses you. The bullfrog hits you.
* * * LOW HITPOINT WARNING * * *
The bullfrog barely misses you.
The bullfrog dies!
You draw a card...
It is Foxfire.
The deck of cards disappears without a trace.
The komodo dragon closely misses you.
Your wyvern bites the komodo dragon!
Your wyvern completely misses the komodo dragon.
The komodo dragon bites you!!
You die...
Your body disappears without a glow.

.####.P####..####.#....#
#...................P.#
#...... ###.#..####$..#
#...##.###.##..#####.##
#..........#...l...#.#####.
#..#P...#.....##P#.#..)....
##.#.##.#...###(...#
#...##.#..## #>.#.###
###.##.#.@# #......##
##....ll# ##l........
###.....l# #..###.####
.###.......## ##.# ##
...........# #.##
#..##..#.#.######..######
#.#. #..........†........##
#.#.###.#..######......P#..#
##..........# #...##.##.#


You could see a komodo dragon and 2 friendly wyverns.

Vanquished Creatures
  The ghost of dracomuter the Frost Mage, a journeyman MfIE of Qazlal (Lair:1)
  Erica (D:7)
  The ghost of Kohma the Chopper, a novice MiBe of Trog (D:6)
  A komodo dragon (D:10)
  A troll (D:8)
  Prince Ribbit (D:9)
  A wyvern (D:8)
  A hungry ghost (D:8)
  2 porcupines (Lair:1)
  2 orc warriors (D:9)
  A black bear (D:7)
  4 ice beasts
  4 sky beasts
  3 phantoms
  3 necrophages
  5 ogres
  4 centaurs
  2 big kobolds (D:8)
  2 bullfrogs (D:8)
  5 scorpions
  10 wights
  A howler monkey (D:11)
  6 crimson imps
  A bullfrog skeleton (D:7)
  6 hounds
  3 jellies
  A centaur zombie (D:9)
  An orc priest (D:5)
  2 centaur skeletons (D:5)
  A hell rat (D:8)
  2 iguanas (D:9)
  8 orc wizards
  6 worker ants
  A hound skeleton (D:10)
  2 hound zombies
  5 worker ant zombies
  A howler monkey skeleton (D:6)
  4 gnolls (D:5)
  8 adders
  5 river rats (D:8)
  2 shadow imps
  2 oozes (D:2)
  4 adder skeletons
  An adder zombie (D:5)
  5 worms
  2 leopard geckos
  26 orcs
  10 bats
  2 giant cockroaches
  9 goblins
  7 hobgoblins
  6 jackals
  9 quokkas
  6 frilled lizards
  A jackal zombie (D:5)
  13 kobolds
  A quokka skeleton (D:4)
  19 rats
244 creatures vanquished.

Vanquished Creatures (collateral kills)
  Gastronok (Lair:1)
  A troll (D:9)
  An ogre (D:9)
  A bullfrog (Lair:1)
  A howler monkey (D:9)
  An iguana (D:8)
  2 hell rats (D:8)
  3 river rats (D:8)
  An adder (D:9)
  A quokka (D:8)
  7 rats (D:8)
20 creatures vanquished.

Vanquished Creatures (others)
  2 plants (D:10)
2 creatures vanquished.

Grand Total: 266 creatures vanquished

Notes
Turn   | Place    | Note
-------+----------+-------------------------------------------
     0 | D:1      | LevaFresel the Kobold Hunter began the quest for the Orb.
     0 | D:1      | Reached XP level 1. HP: 12/12 MP: 1/1
    55 | D:1      | Reached skill level 5 in Crossbows
    94 | D:2      | Reached XP level 2. HP: 18/18 MP: 2/2
   134 | D:2      | Reached skill level 1 in Short Blades
   325 | D:1      | Reached XP level 3. HP: 13/22 MP: 3/3
   949 | D:2      | Reached XP level 4. HP: 22/27 MP: 4/4
  1218 | D:2      | Noticed a necrophage
  1230 | D:2      | Killed a necrophage
  1230 | D:2      | Reached skill level 1 in Armour
  1230 | D:2      | Reached XP level 5. HP: 27/32 MP: 5/5
  2082 | D:3      | Noticed PikkenKukken's ghost (amateur GrFi)
  2385 | D:3      | Reached XP level 6. HP: 36/37 MP: 6/6
  3706 | D:3      | Noticed a phantom
  3756 | D:3      | Killed a phantom
  4369 | D:4      | Noticed an ogre
  4374 | D:4      | Killed an ogre
  4374 | D:4      | Reached XP level 7. HP: 41/41 MP: 7/7
  4454 | D:5      | Entered Level 5 of the Dungeon
  5463 | D:5      | Found a bloodstained altar of Trog.
  5589 | D:5      | Reached XP level 8. HP: 42/48 MP: 8/8
  5657 | D:5      | Reached skill level 1 in Evocations
  6153 | D:5      | Reached skill level 5 in Dodging
  6336 | D:5      | Found Hudib's Magic Scroll Shop.
  6339 | D:5      | Bought a scroll of identify for 22 gold pieces
  6339 | D:5      | Bought a scroll of remove curse for 33 gold pieces
  6339 | D:5      | Bought a scroll of remove curse for 33 gold pieces
  6339 | D:5      | Bought a scroll of teleportation for 33 gold pieces
  6339 | D:5      | Bought a scroll of identify for 22 gold pieces
  6385 | D:5      | Reached skill level 5 in Short Blades
  6436 | D:6      | Found a shimmering altar of Xom.
  6847 | D:6      | Found a staircase to the Ecumenical Temple.
  6854 | Temple   | Entered the Ecumenical Temple
  7043 | Temple   | Became a worshipper of Nemelex Xobeh the Trickster
  7235 | D:6      | Noticed Kohma's ghost (novice MiBe)
  7256 | D:6      | Killed Kohma's ghost
  7256 | D:6      | Reached skill level 5 in Fighting
  7256 | D:6      | Reached XP level 9. HP: 27/54 MP: 9/11
  7770 | D:7      | Received a gift from Nemelex Xobeh
  7833 | D:7      | Got an encrusted dagger
  8131 | D:7      | Identified the +8 dagger of Uxugoots {holy, rC++ Str-5} (You found it on level 7 of the Dungeon)
  8308 | D:7      | Reached * piety under Nemelex Xobeh
  9313 | D:8      | Noticed Erica
  9322 | D:7      | Killed Erica
  9322 | D:7      | Reached skill level 10 in Crossbows
  9322 | D:7      | Reached XP level 10. HP: 26/60 MP: 13/13
  9662 | D:8      | Reached skill level 5 in Evocations
  9924 | D:8      | Received a gift from Nemelex Xobeh
 10472 | D:8      | Reached skill level 1 in Long Blades
 10975 | D:9      | Found a shimmering altar of Xom.
 10975 | D:9      | Reached ** piety under Nemelex Xobeh
 12265 | D:9      | Noticed Prince Ribbit
 12485 | D:9      | Killed Prince Ribbit
 12485 | D:9      | Reached skill level 1 in Invocations
 12485 | D:9      | Reached XP level 11. HP: 40/67 MP: 14/14
 12626 | D:9      | Found a staircase to the Orcish Mines.
 12675 | D:9      | Found Atoseqew's Armour Shoppe.
 12683 | D:9      | Bought a +2 pair of boots of stealth for 279 gold pieces
 13091 | D:10     | Entered Level 10 of the Dungeon
 13120 | D:11     | Reached skill level 5 in Armour
 13125 | D:11     | Noticed a manticore
 13308 | D:11     | Received a gift from Nemelex Xobeh
 13610 | D:10     | Found the +7 great mace "Undeadhunter" {disrupt, rN+}
 13683 | D:10     | Reached *** piety under Nemelex Xobeh
 13840 | D:10     | Received a gift from Nemelex Xobeh
 13846 | D:10     | Found a staircase to the Lair.
 14337 | Lair:1   | Entered Level 1 of the Lair of Beasts
 14337 | Lair:1   | Noticed Gastronok
 14345 | Lair:1   | Killed Gastronok
 14347 | Lair:1   | Noticed dracomuter's ghost (journeyman MfIE)
 14367 | Lair:1   | Killed dracomuter's ghost
 14397 | Lair:1   | Reached skill level 10 in Short Blades
 14556 | Lair:1   | Slain by a komodo dragon

Skill      XL: |  1  2  3  4  5  6  7  8  9 10 11 |
---------------+----------------------------------+-----
Crossbows      | 5 6 7 9 10 | 10.7
Short Blades   | 1 2 3 4 5 6 8 10 | 10.0
Stealth        | 2 |  2.0
Fighting       | 3 4 5 6 7 |  7.5
Armour         | 1 2 3 4 5 |  5.3
Dodging        | 3 4 5 6 7 8 |  8.2
Evocations     | 3 4 5 |  5.0
Long Blades    | 2 3 |  3.0
Invocations    | 1 2 |  2.9

Action                   |  1- 3 |  4- 6 |  7- 9 | 10-12 || total
-------------------------+-------+-------+-------+-------++-------
Melee: Short sword       |    64 |    36 |    21 |   508 ||   629
       Dagger            |       |   157 |   347 |       ||   504
       Long sword        |       |    77 |    83 |       ||   160
       Scimitar          |       |       |       |     5 ||     5
 Fire: Hand crossbow     |    16 |    52 |    82 |     8 ||   158
       Arbalest          |       |       |       |    15 ||    15
Evoke: Wand              |       |       |     5 |    16 ||    21
       Deck              |       |       |     3 |     8 ||    11
  Use: Scroll            |       |     4 |     8 |     4 ||    16
       Potion            |       |       |       |     1 ||     1
 Stab: Sleeping          |     3 |     2 |       |       ||     5
       Paralysed         |       |       |     7 |     2 ||     9
       Confused          |       |       |       |     1 ||     1
  Eat: Chunk             |     4 |    13 |    14 |    24 ||    55
Armor: Leather armour    |     7 |     3 |       |       ||    10
       Scale mail        |       |   106 |    88 |       ||   194
       Plate armour      |       |       |    69 |   134 ||   203
       Chain mail        |       |       |       |    41 ||    41
Dodge: Dodged            |    62 |   146 |   199 |   144 ||   551
Block: Other             |       |    26 |    51 |    35 ||   112
       Reflection        |       |       |       |     1 ||     1
       Rpst.: Long sword |       |    22 |    19 |       ||    41
